 Dungeon Crawl Stone Soup version 0.14.2 (webtiles) character file.

969 Amnesiac the Prestidigitator (level 7, 0/35 HPs)
             Began as a Spriggan Artificer on Feb 4, 2018.
             Killed from afar by an orc wizard (7 damage)
             ... with a puff of frost
             ... on Level 5 of the Dungeon.
             The game lasted 00:08:42 (6218 turns).

Amnesiac the Prestidigitator (Spriggan Artificer)   Turns: 6218, Time: 00:08:43

HP   0/35        AC  2     Str  7      XL: 7   Next: 69%
MP  21/21        EV 23     Int 14      God:
Gold 121         SH  0     Dex 18      Spells:  0 memorised,  6 levels left

rFire  . . .     SeeInvis +     p - +1,+2 dagger (venom)
rCold  . . .     Clarity  .     e - +0 robe
rNeg   . . .     Conserve .     (shield restricted)
rPois  .         rCorr    .     (helmet restricted)
rElec  .         rRot     .     (no cloak)
SustAb . .       Spirit   .     (gloves unavailable)
rMut   .         Warding  .     (boots unavailable)
Saprov . . .     Stasis   .     x - amulet of inaccuracy {unknown}
MR     ++...                    j - ring of protection from magic {unknown}
                                s - ring of wizardry

@: very quick, very resistant to hostile enchantments, fairly stealthy
A: unfitting armour, see invisible, herbivore 3, speed 3, slow metabolism 2
a: no special abilities


You were on level 5 of the Dungeon.
You were not hungry.

You visited 1 branch of the dungeon, and saw 5 of its levels.
You also visited: Sewer.

You collected 121 gold pieces.

Inventory:

Hand weapons
 p - a +1,+2 dagger of venom (weapon)
Missiles
 l - a dart of dispersal (quivered)
 o - 13 poisoned needles
Armour
 e - a +0 robe (worn)
Magical devices
 b - a wand of flame (7)
 c - a wand of enslavement (14)
 d - a wand of random effects (0)
 w - a wand of random effects (11)
Comestibles
 z - 3 bread rations
Scrolls
 a - 7 scrolls of identify {!r, unknown}
 f - a scroll of enchant armour {!r, unknown}
 g - 3 scrolls of blinking {!r, unknown}
 i - 2 scrolls of teleportation {!r, unknown}
 k - 5 scrolls of remove curse {!r, unknown}
 m - a scroll of enchant weapon II {!r, unknown}
 t - 2 scrolls of fog {!r, unknown}
 v - a scroll of recharging {!r, unknown}
 y - a scroll of random uselessness {!r, unknown}
 G - a scroll of enchant weapon I {!r, unknown}
Jewellery
 j - a ring of protection from magic (right hand) {unknown}
 s - a ring of wizardry (left hand)
 x - an amulet of inaccuracy (around neck) {unknown}
 E - an uncursed ring of protection from fire {unknown}
 H - a +2 ring of strength
Potions
 h - a potion of brilliance {!q, unknown}
 n - a potion of heal wounds {!q}
 q - a potion of resistance {!q, unknown}
 r - a potion of invisibility {!q, unknown}
 u - a potion of mutation {!q, unknown}
 A - a potion of poison {!q, unknown}
 B - 2 potions of curing {!q}
 C - a potion of flight {!q, unknown}
 D - a potion of restore abilities {!q, unknown}
 F - 2 potions of might {!q, unknown}


   Skills:
 + Level 2.3 Fighting
 + Level 4.9 Short Blades
 * Level 7.5 Dodging
 - Level 1.5 Stealth
 * Level 8.0 Evocations


You had 6 spell levels left.
You didn't know any spells.

Dungeon Overview and Level Annotations

Branches:
Dungeon (5/15)
 Temple: D:4-7

Altars:
Makhleb

Shops:
D:4 [!

Annotations:
D:2 Grinder


Innate Abilities, Weirdness & Mutations

You are tiny and cannot use many weapons and most armour.
You have supernaturally acute eyesight.
You are a herbivore.
You cover ground extremely quickly.
You need consume almost no food.


Message History

The orc wizard casts a spell.
The orc wizard seems to speed up.
You closely miss the orc.
The orc is heavily wounded.
The orc wizard casts a spell.
The orc wizard seems to speed up.
The orc misses you.
You hit the orc.
The orc looks even sicker.
The orc is severely wounded.
You kill the orc!
The orc wizard looks braver.
The orc wizard gestures at you while chanting.
The puff of flame misses you. The orc wizard barely misses you.
The orc wizard's eyes start to glow.
The orc wizard hits you with a dagger.
The orc wizard unwields an uncursed dagger.
The orc wizard drops an uncursed dagger.
The orc wizard picks up a mace.
The orc wizard wields a mace.
You miss the orc wizard. You closely miss the orc wizard.
The orc wizard barely misses you.
You closely miss the orc wizard. The orc wizard hits you with a mace.
The orc wizard closely misses you.
You closely miss the orc wizard. The orc wizard completely misses you.
You barely miss the orc wizard. The orc wizard hits you with a dagger.
You hit the orc wizard.
The orc wizard is lightly wounded.
The orc wizard misses you.
You miss the orc wizard.
The orc wizard is lightly wounded.
The orc wizard completely misses you. The orc wizard misses you.
You hit the orc wizard.
The orc wizard is poisoned.
The orc wizard is moderately wounded.
The orc wizard misses you.
The orc wizard gestures at you while chanting.
The magic dart hits you!
* * * LOW HITPOINT WARNING * * *
You miss the orc wizard.
The orc wizard is moderately wounded.
The orc wizard hits you with a dagger.
* * * LOW HITPOINT WARNING * * *
The orc wizard closely misses you.
You hit the orc wizard.
The orc wizard is heavily wounded.
The orc wizard completely misses you.
The orc wizard gestures at you while chanting.
The magic dart hits you!
* * * LOW HITPOINT WARNING * * *
The orc wizard hits you with a dagger.
* * * LOW HITPOINT WARNING * * *
The orc wizard casts a spell.
You feel a wave of unholy energy pass over you.
Drink which item? (? for menu, Esc to quit)
Really quaff
n - 2 potions of heal wounds {!q}?
You feel much better. The orc wizard casts a spell at you.
The puff of frost hits you!
One of your 2 emulsified orange potions {!q} freezes and shatters!
* * * LOW HITPOINT WARNING * * *
You barely miss the orc wizard.
The orc wizard gestures at you while chanting.
The magic dart hits you!
* * * LOW HITPOINT WARNING * * *
The orc wizard points at you and mumbles some strange words.
The puff of frost hits you!
You die...

#..#...#.#.... #..#.#.#.#..#
#.# #...........##.......
#..#.....)...........
#..#.###.# #....# .
#........#######....##..
#####......oo##.. ..........
#........###o##.# #........#
#.####...###@##.####.##....##
#....................#.#
#...###.##..###..#.....#
#...........###........#
#...###..............#.#
#...# #.....###.......##
#...# #................#
..#.# #...............##
##.... ....#.##.#.....#.#


You could see 3 orc wizards.

Vanquished Creatures
  2 ogres
  A big kobold (Sewer)
  2 worker ants (D:4)
  3 hounds
  A big fish (Sewer)
  A centaur skeleton (D:4)
  A gnoll shaman (D:4)
  An orc wizard (D:4)
  Ijyb (D:2)
  Terence (D:3)
  3 gnolls (D:4)
  A green rat (Sewer)
  15 adders
  A shadow imp (D:3)
  A giant mite (D:3)
  An inept item mimic (D:3)
  A giant eyeball (D:5)
  2 oozes
  10 orcs
  3 ball pythons
  15 bats
  A bat skeleton (D:4)
  6 giant cockroaches
  9 goblins
  7 hobgoblins
  4 jackals
  12 kobolds
  2 quokkas
  12 giant geckos
  2 giant newts
  An orc skeleton (D:4)
  24 rats
147 creatures vanquished.

Vanquished Creatures (collateral kills)
  A bat (D:4)
  A kobold (D:2)
2 creatures vanquished.

Grand Total: 149 creatures vanquished

Notes
Turn   | Place    | Note
--------------------------------------------------------------
     0 | D:1      | Amnesiac, the Spriggan Artificer, began the quest for the Orb.
     0 | D:1      | Reached XP level 1. HP: 9/9 MP: 2/2
     4 | D:1      | Reached skill level 1 in Fighting
    97 | D:1      | Reached XP level 2. HP: 9/14 MP: 5/5
   955 | D:2      | Reached XP level 3. HP: 18/18 MP: 8/8
  1304 | D:2      | Noticed Ijyb
  1331 | D:2      | Killed Ijyb
  1331 | D:2      | Reached skill level 5 in Evocations
  1331 | D:2      | Reached XP level 4. HP: 20/22 MP: 11/11
  1474 | D:2      | Reached skill level 5 in Dodging
  2094 | D:2      | Reached XP level 5. HP: 14/25 MP: 14/14
  2707 | D:3      | Noticed Grinder
  2906 | D:3      | Noticed Terence
  2919 | D:3      | Killed Terence
  2988 | D:3      | Found a burning altar of Makhleb.
  3473 | D:4      | Reached skill level 6 in Evocations
  3473 | D:4      | Reached XP level 6. HP: 8/30 MP: 16/18
  3678 | D:4      | Found a glowing drain.
  3686 | Sewer    | Entered a sewer
  4178 | Sewer    | Found a white marble altar of Elyvilon.
  4490 | D:4      | Reached skill level 7 in Evocations
  4758 | D:4      | HP: 1/30 [ogre/giant spiked club (23)]
  5121 | D:4      | Reached XP level 7. HP: 34/34 MP: 20/20
  5320 | D:4      | Found Ghiycwa's Antique Armour Emporium.
  5386 | D:4      | Found Schuamm's Distillery.
  5759 | D:5      | Entered Level 5 of the Dungeon
  5983 | D:5      | Reached skill level 8 in Evocations
  6113 | D:5      | Paralysed by a giant eyeball for 3 turns
  6121 | D:5      | Paralysed by a giant eyeball for 2 turns
  6218 | D:5      | Killed from afar by an orc wizard

Action                   |  1- 3 |  4- 6 |  7- 9 || total
-------------------------+-------+-------+-------++-------
Melee: Short sword       |   107 |    17 |       ||   124
       Dagger            |       |   392 |   108 ||   500
Evoke: Wand              |     8 |    19 |       ||    27
  Use: Potion            |     1 |     3 |     1 ||     5
 Stab: Sleeping          |     3 |     4 |     3 ||    10
       Confused          |       |     1 |       ||     1
       Distracted        |       |     1 |       ||     1
